Map: Vallée des cactus EC

Players

HeLeX - Winner!

  • Race: Zerg Zerg
  • League: Grandmaster

AgCl

  • Race: Protoss Protoss
  • League: Grandmaster

VOD

Have the link to the VOD?

Description

Time

  • Played on: May 29, 2015, 8:44 p.m.
  • Length: 9:13
Show
View Real Time Build Order
Export as new Build Order

HeLeX Zerg - Winner!

Build Orders: Pool First 

Get SALT Encoding   

  12  0:01  Drone  
  13  0:13  Overlord  
  13  0:18  Drone  
  14  0:27  Extractor  
  14  0:28  Drone  
  14  0:32  Drone  
  15  0:40  Drone  
  16  0:47  Drone  
  17  0:54  Spawning Pool  
  16  0:57  Drone  
  17  1:22  Hatchery  
  17  1:25  Drone  
  17  1:32  Overlord  
  17  1:39  Drone  
  18  1:43  Metabolic Boost  
  18  1:54  Queen  
  18  2:00  Drone  
  21  2:01  Zergling x2  
  21  2:06  Drone  
  23  2:12  Zergling x2  
  24  2:26  Zergling x2  
  25  2:35  Zergling x4  
  27  2:42  Queen  
  27  2:43  Queen  
  31  2:49  Drone  
  31  2:50  Drone  
  33  2:59  Extractor  
  33  3:00  Drone  
  33  3:01  Drone  
  33  3:05  Overlord  
  34  3:07  Drone  
  35  3:21  Drone  
  35  3:24  Drone x4  
  40  3:46  Drone, Overlord x3  
  41  4:02  Drone x2, Overlord  
  41  4:03  Drone  
  42  4:11  Roach Warren  
  42  4:12  Drone x2  
  42  4:14  Evolution Chamber  
  42  4:16  Evolution Chamber  
  38  4:19  Drone x3  
  38  4:22  Spine Crawler  
  40  4:28  Zergling x2  
  40  4:29  Zergling x6  
  44  4:36  Drone x3  
  47  4:52  Spore Crawler  
  47  4:54  Spore Crawler  
  45  5:00  Roach x4  
  53  5:08  Lair  
  53  5:10  Zerg Missile Weapons Level 1  
  53  5:17  Extractor  
  52  5:21  Spine Crawler  
  52  5:24  Zerg Ground Armor Level 1  
  52  5:26  Drone x3  
  54  5:31  Drone x2  
  54  5:32  Drone  
  57  5:48  Overlord  
  57  5:51  Drone x4  
  57  5:52  Hatchery  
  60  6:07  Hydralisk Den, Glial Reconstitution  
  59  6:14  Extractor  
  59  6:18  Roach x4  
  64  6:19  Roach x3  
  72  6:28  Drone x5  
  77  6:38  Drone x2  
  77  6:39  Drone  
  80  6:42  Overlord x2  
  80  6:50  Muscular Augments  
  77  6:55  Hydralisk x3  
  77  7:01  Drone x3  
  86  7:12  Hydralisk x4  
  94  7:20  Spore Crawler  
  94  7:22  Zergling x8  
  97  7:23  Zergling x2  
  97  7:24  Overseer, Hydralisk  
  100  7:31  Spore Crawler  
  100  7:34  Hydralisk x3  
  105  7:41  Overlord x3  
  102  8:09  Hydralisk x6  
  102  8:10  Hydralisk  
  114  8:13  Drone  
  114  8:14  Drone x3, Overlord x2  
  106  8:26  Zergling x2  
  100  8:27  Zergling x10  
  99  8:35  Drone x6  
  105  8:52  Extractor  
  105  8:53  Drone x5, Overlord  
  105  8:54  Overlord, Extractor  
Show
View Real Time Build Order
Export as new Build Order

AgCl Protoss 

Build Orders: Oracle Opening, Oracle Opening 

Get SALT Encoding   

  12  0:02  Probe  
  13  0:18  Probe  
  14  0:36  Pylon  
  14  0:45  Assimilator  
  14  0:54  Probe (Chrono Boost)  
  16  1:04  Probe (Chrono Boost)  
  16  1:11  Probe (Chrono Boost)  
  17  1:16  Nexus  
  17  1:23  Probe (Chrono Boost)  
  18  1:26  Gateway  
  18  1:30  Probe (Chrono Boost)  
  19  1:40  Probe (Chrono Boost)  
  20  1:49  Probe (Chrono Boost), Assimilator  
  21  1:57  Probe  
  22  2:04  Pylon  
  22  2:22  Probe (Chrono Boost)  
  23  2:24  Cybernetics Core  
  23  2:33  Probe (Chrono Boost)  
  24  2:41  Probe (Chrono Boost)  
  24  2:45  Probe (Chrono Boost)  
  24  2:50  Assimilator  
  25  2:56  Probe (Chrono Boost)  
  25  2:57  Probe (Chrono Boost)  
  27  3:00  Stargate  
  27  3:02  Probe (Chrono Boost)  
  27  3:04  Adept  
  31  3:07  Warp Gate  
  31  3:09  Probe (Chrono Boost)  
  32  3:13  Probe (Chrono Boost)  
  35  3:20  Mothership Core (Chrono Boost)  
  35  3:25  Probe (Chrono Boost)  
  33  3:31  Probe (Chrono Boost)  
  33  3:32  Probe (Chrono Boost)  
  29  3:42  Probe  
  29  3:46  Probe  
  33  3:50  Oracle (Chrono Boost)  
  36  3:58  Pylon  
  36  4:06  Probe  
  36  4:08  Probe  
  32  4:18  Probe (Chrono Boost)  
  32  4:21  Probe (Chrono Boost)  
  34  4:30  Probe (Chrono Boost)  
  36  4:32  Probe (Chrono Boost)  
  36  4:35  Fleet Beacon  
  37  4:38  Probe (Chrono Boost)  
  37  4:39  Probe (Chrono Boost)  
  38  4:47  Probe (Chrono Boost)  
  40  4:56  Probe (Chrono Boost)  
  40  4:59  Probe (Chrono Boost), Pylon  
  41  5:00  Pylon  
  41  5:05  Probe (Chrono Boost)  
  43  5:07  Adept  
  43  5:10  Probe (Chrono Boost)  
  43  5:13  Probe (Chrono Boost)  
  44  5:21  Probe (Chrono Boost), Gateway  
  46  5:23  Probe (Chrono Boost), Carrier (Chrono Boost)  
  46  5:27  Gateway  
  47  5:28  Probe (Chrono Boost)  
  47  5:40  Probe (Chrono Boost), Assimilator  
  47  5:42  Probe (Chrono Boost)  
  49  5:49  Probe (Chrono Boost)  
  56  5:58  Probe  
  56  6:01  Probe  
  58  6:10  Probe  
  59  6:12  Pylon  
  59  6:13  Probe  
  59  6:15  Protoss Air Weapons Level 1  
  60  6:20  Pylon  
  60  6:28  Pylon, Carrier (Chrono Boost)  
  60  6:30  Probe x2  
  60  6:32  Pylon  
  62  6:46  Nexus  
  62  6:48  Pylon  
  62  6:49  Probe (Chrono Boost)  
  64  6:55  Probe (Chrono Boost)  
  64  7:00  Probe (Chrono Boost)  
  71  7:11  Probe (Chrono Boost)  
  73  7:19  Pylon  
  73  7:20  Probe (Chrono Boost)  
  73  7:21  Probe (Chrono Boost)  
  74  7:34  Graviton Catapult (Chrono Boost)  
  74  7:36  Pylon  
  71  7:45  Adept  
  65  8:04  Pylon  
  65  8:05  Assimilator  
  65  8:14  Assimilator  
  65  8:16  Probe  
  61  8:23  Stargate  
  61  8:26  Pylon  
  55  8:33  Adept  
  51  8:39  Probe (Chrono Boost)  
  53  8:45  Probe (Chrono Boost)  
  54  8:49  Gateway, Probe (Chrono Boost)  
  54  8:51  Gateway  
  54  8:54  Probe (Chrono Boost)  
  52  9:00  Probe (Chrono Boost)  
  52  9:01  Probe (Chrono Boost)  
Tags
 
Add a new tag
Caveats
  • Supply blocks, unpowered buildings, or Contaminate may cause inaccurate times.
  • Supply counts are checked every 10 seconds.